TOP OF THE 1ST |
Plymouth Cocks batting - Pitching for Rancho Cucamonga Sick Monkeys : LHP Elmer Ramírez
|
Pitching: LHP Elmer Ramírez
|
|
Batting: SHB José Chávez
|
0-0: Fly out, F8 (Flyball, 89S)
|
Batting: SHB Bruce MacPherson
|
0-0: Foul Ball, location: 2F 0-1: Called Strike 0-2: Ground out 4-3 (Groundball, 6M)
|
Batting: RHB Jason Cook
|
0-0: Called Strike 0-1: Swinging Strike 0-2: Strikes out swinging
|
Top of the 1st over - 0 run(s), 0 hit(s), 0 error(s), 0 left on base; Plymouth 0 - Rancho Cucamonga 0 |
BOTTOM OF THE 1ST |
Rancho Cucamonga Sick Monkeys batting - Pitching for Plymouth Cocks : RHP Héctor Cardenas
|
Pitching: RHP Héctor Cardenas
|
|
Batting: LHB Ed Ballard
|
0-0: Ball 1-0: Foul Ball, location: 2F 1-1: Swinging Strike 1-2: Foul Ball, location: 2F 1-2: Ball 2-2: SOLO HOME RUN (Flyball, 8LXD), Distance : 440 ft
|
Batting: LHB José Esparza
|
0-0: Called Strike 0-1: SINGLE (Groundball, 4MD)
|
Batting: LHB Carl Hayden
|
0-0: Ball José Esparza is caught stealing 2nd base 1-0: Ball 2-0: Ball 3-0: Called Strike 3-1: Foul Ball, location: 2F 3-2: Fly out, F7 (Flyball, 7LD)
|
Batting: LHB Paul Holcomb
|
0-0: Called Strike 0-1: Foul Ball, location: 2F 0-2: Ball 1-2: SINGLE (Groundball, 34D)
|
Batting: RHB Lyle Jackson
|
0-0: Called Strike 0-1: Called Strike 0-2: Ball Paul Holcomb is caught stealing 2nd base
|
Bottom of the 1st over - 1 run(s), 3 hit(s), 0 error(s), 0 left on base; Plymouth 0 - Rancho Cucamonga 1 |
TOP OF THE 2ND |
Plymouth Cocks batting - Pitching for Rancho Cucamonga Sick Monkeys : LHP Elmer Ramírez
|
Batting: RHB Dwayne Roldán
|
0-0: Ball 1-0: Swinging Strike 1-1: Called Strike 1-2: Ball 2-2: Ball 3-2: Strikes out looking
|
Batting: RHB Sam Elder
|
0-0: Foul Ball, location: 2F 0-1: Ball 1-1: Swinging Strike 1-2: Fly out, F8 (Flyball, 89D)
|
Batting: RHB Jeffrey Barker
|
0-0: Called Strike 0-1: Ball 1-1: Ball 2-1: Ball 3-1: Called Strike 3-2: Base on Balls
|
Batting: RHB Nicolas Fillion
|
0-0: Ball 1-0: Foul Ball, location: 2F 1-1: Ball 2-1: Swinging Strike 2-2: SINGLE (Line Drive, 89S) Jeffrey Barker to second
|
Batting: RHB Rob Palmer
|
0-0: Ball 1-0: Foul Ball, location: 2F 1-1: Ball 2-1: Ball 3-1: Fly out, F9 (Flyball, 89M)
|
Top of the 2nd over - 0 run(s), 1 hit(s), 0 error(s), 2 left on base; Plymouth 0 - Rancho Cucamonga 1 |
BOTTOM OF THE 2ND |
Rancho Cucamonga Sick Monkeys batting - Pitching for Plymouth Cocks : RHP Héctor Cardenas
|
Batting: RHB Lyle Jackson
|
0-0: Foul Ball, location: 2F 0-1: Ground out 5-3 (Groundball, 25)
|
Batting: RHB Jesús Ríos
|
0-0: Called Strike 0-1: Ball 1-1: Foul Ball, location: 2F 1-2: Strikes out swinging
|
Batting: LHB Jesús Miranda
|
0-0: Hit by Pitch
|
Batting: SHB Keith Hale
|
0-0: Called Strike 0-1: Ball 1-1: Foul Ball, location: 2F 1-2: Strikes out swinging
|
Bottom of the 2nd over - 0 run(s), 0 hit(s), 0 error(s), 1 left on base; Plymouth 0 - Rancho Cucamonga 1 |
TOP OF THE 3RD |
Plymouth Cocks batting - Pitching for Rancho Cucamonga Sick Monkeys : LHP Elmer Ramírez
|
Batting: RHB Lynn Johnson
|
0-0: DOUBLE (Line Drive, 7LS)
|
Batting: SHB José Chávez
|
0-0: Ball 1-0: Called Strike 1-1: Called Strike 1-2: Foul Ball, location: 2F 1-2: Strikes out swinging
|
Batting: SHB Bruce MacPherson
|
0-0: Ball 1-0: Ball 2-0: SINGLE (Line Drive, 6MD) Lynn Johnson to third
|
Batting: RHB Jason Cook
|
0-0: Ball 1-0: Foul Ball, location: 2F 1-1: Ball 2-1: Ball 3-1: Fly out, F5 (Popup, 56)
|
Batting: RHB Dwayne Roldán
|
0-0: Foul Ball, location: 2F 0-1: Foul Ball, location: 2F 0-2: Ball 1-2: Strikes out swinging
|
Top of the 3rd over - 0 run(s), 2 hit(s), 0 error(s), 2 left on base; Plymouth 0 - Rancho Cucamonga 1 |
BOTTOM OF THE 3RD |
Rancho Cucamonga Sick Monkeys batting - Pitching for Plymouth Cocks : RHP Héctor Cardenas
|
Batting: RHB Martín Rodríguez
|
0-0: Called Strike 0-1: Bunt missed! 0-2: Strikes out swinging
|
Batting: LHB Ed Ballard
|
0-0: Foul Ball, location: 2F 0-1: Ball 1-1: Ball 2-1: Ball 3-1: Ground out 3-1 (Groundball, 34S)
|
Batting: LHB José Esparza
|
0-0: Swinging Strike 0-1: Foul Ball, location: 2F 0-2: Strikes out swinging
|
Bottom of the 3rd over - 0 run(s), 0 hit(s), 0 error(s), 0 left on base; Plymouth 0 - Rancho Cucamonga 1 |
TOP OF THE 4TH |
Plymouth Cocks batting - Pitching for Rancho Cucamonga Sick Monkeys : LHP Elmer Ramírez
|
Batting: RHB Sam Elder
|
0-0: Ball 1-0: Called Strike 1-1: Ball 2-1: Foul Ball, location: 2F 2-2: Strikes out swinging
|
Batting: RHB Jeffrey Barker
|
0-0: Ground out 5-3 (Groundball, 56S)
|
Batting: RHB Nicolas Fillion
|
0-0: Swinging Strike 0-1: Called Strike 0-2: Ball 1-2: Ball 2-2: Foul Ball, location: 2F 2-2: Ball 3-2: Foul Ball, location: 2F 3-2: Ground out 4-3 (Groundball, 34)
|
Top of the 4th over - 0 run(s), 0 hit(s), 0 error(s), 0 left on base; Plymouth 0 - Rancho Cucamonga 1 |
BOTTOM OF THE 4TH |
Rancho Cucamonga Sick Monkeys batting - Pitching for Plymouth Cocks : RHP Héctor Cardenas
|
Batting: LHB Carl Hayden
|
0-0: Called Strike 0-1: Ball 1-1: Ball 2-1: Called Strike 2-2: SINGLE (Line Drive, 6MD)
|
Batting: LHB Paul Holcomb
|
0-0: Foul Ball, location: 2F 0-1: Ball 1-1: Called Strike 1-2: Foul Ball, location: 2F 1-2: Foul Ball, location: 2F 1-2: Foul Ball, location: 2F 1-2: Fly out, F8 (Flyball, 8RM)
|
Batting: RHB Lyle Jackson
|
0-0: Ball 1-0: Foul Ball, location: 2F 1-1: Ball 2-1: Fielders Choice at 2nd, 4-6 (Groundball, 4)
|
Batting: RHB Jesús Ríos
|
0-0: Called Strike Lyle Jackson is caught stealing 2nd base
|
Bottom of the 4th over - 0 run(s), 1 hit(s), 0 error(s), 0 left on base; Plymouth 0 - Rancho Cucamonga 1 |
TOP OF THE 5TH |
Plymouth Cocks batting - Pitching for Rancho Cucamonga Sick Monkeys : LHP Elmer Ramírez
|
Batting: RHB Rob Palmer
|
0-0: Called Strike 0-1: Fly out, F9 (Flyball, 9LMF)
|
Batting: RHB Lynn Johnson
|
0-0: Ball 1-0: SINGLE (Line Drive, 5D)
|
Batting: SHB José Chávez
|
0-0: Called Strike 0-1: Ball 1-1: Ball 2-1: Ball 3-1: Called Strike 3-2: Fly out, F9 (Line Drive, 89M)
|
Batting: SHB Bruce MacPherson
|
0-0: Called Strike 0-1: Foul Ball, location: 2F 0-2: Ball 1-2: Ball 2-2: Ball 3-2: Strikes out swinging
|
Top of the 5th over - 0 run(s), 1 hit(s), 0 error(s), 1 left on base; Plymouth 0 - Rancho Cucamonga 1 |
BOTTOM OF THE 5TH |
Rancho Cucamonga Sick Monkeys batting - Pitching for Plymouth Cocks : RHP Héctor Cardenas
|
Batting: RHB Jesús Ríos
|
0-0: Called Strike 0-1: Ball 1-1: Ground out 4-3 (Groundball, 4)
|
Pitching: RHP Rich Wiggins
|
|
Batting: LHB Jesús Miranda
|
0-0: Foul Ball, location: 2F 0-1: Fly out, F8 (Line Drive, 8LM)
|
Batting: SHB Keith Hale
|
0-0: Foul Ball, location: 2F 0-1: Ball 1-1: Called Strike 1-2: Ground out 4-3 (Groundball, 4)
|
Bottom of the 5th over - 0 run(s), 0 hit(s), 0 error(s), 0 left on base; Plymouth 0 - Rancho Cucamonga 1 |
TOP OF THE 6TH |
Plymouth Cocks batting - Pitching for Rancho Cucamonga Sick Monkeys : LHP Elmer Ramírez
|
Pitching: RHP Clyde Fisher
|
|
Batting: RHB Jason Cook
|
0-0: Ball 1-0: SINGLE (Line Drive, 56)
|
Batting: RHB Dwayne Roldán
|
0-0: Called Strike 0-1: Ball 1-1: Ball 2-1: Ball 3-1: Foul Ball, location: 2F 3-2: Base on Balls Jason Cook to second
|
Batting: RHB Sam Elder
|
0-0: Foul Ball, location: 2F 0-1: Swinging Strike 0-2: Fly out, F9 (Flyball, 9LS)
|
Batting: RHB Jeffrey Barker
|
0-0: Ball Jason Cook steals 3rd base Dwayne Roldán to second 1-0: Ball 2-0: Ball 3-0: Swinging Strike 3-1: Foul Ball, location: 2F 3-2: Foul Ball, location: 2F 3-2: Ground out 5-3 (Groundball, 56) Jason Cook scores
|
Batting: RHB Nicolas Fillion
|
0-0: Ball 1-0: Fly out, F9 (Flyball, 9S)
|
Top of the 6th over - 1 run(s), 1 hit(s), 0 error(s), 1 left on base; Plymouth 1 - Rancho Cucamonga 1 |
BOTTOM OF THE 6TH |
Rancho Cucamonga Sick Monkeys batting - Pitching for Plymouth Cocks : RHP Rich Wiggins
|
Batting: RHB Martín Rodríguez
|
0-0: Called Strike 0-1: Foul Ball, location: 2F 0-2: Fly out, F9 (Flyball, 9LM)
|
Batting: LHB Ed Ballard
|
0-0: Ball 1-0: Ball 2-0: Foul Ball, location: 2F 2-1: Ball 3-1: SINGLE (Groundball, 34D)
|
Batting: LHB José Esparza
|
0-0: Ball Ed Ballard is caught stealing 2nd base 1-0: Foul Ball, location: 2F 1-1: Foul Ball, location: 2F 1-2: Fly out, F9 (Flyball, 9S)
|
Bottom of the 6th over - 0 run(s), 1 hit(s), 0 error(s), 0 left on base; Plymouth 1 - Rancho Cucamonga 1 |
TOP OF THE 7TH |
Plymouth Cocks batting - Pitching for Rancho Cucamonga Sick Monkeys : RHP Clyde Fisher
|
Pinch Hitting: LHB Dave Sanders
|
0-0: Foul Ball, location: 2F 0-1: Ball 1-1: Ball 2-1: Ball 3-1: Swinging Strike 3-2: Base on Balls
|
Batting: RHB Lynn Johnson
|
0-0: Ball 1-0: Bunt missed! 1-1: Bunted foul 1-2: Foul Ball, location: 2F 1-2: Fielders Choice at 2nd, 6-4 (Groundball, 56)
|
Batting: SHB José Chávez
|
0-0: Ball Lynn Johnson is caught stealing 2nd base 1-0: Foul Ball, location: 2F 1-1: Called Strike 1-2: Foul Ball, location: 2F 1-2: Foul Ball, location: 2F 1-2: Ground out 4-3 (Groundball, 4M)
|
Top of the 7th over - 0 run(s), 0 hit(s), 0 error(s), 0 left on base; Plymouth 1 - Rancho Cucamonga 1 |
BOTTOM OF THE 7TH |
Rancho Cucamonga Sick Monkeys batting - Pitching for Plymouth Cocks : RHP Rich Wiggins
|
Now at 1B: Dave Sanders
|
|
Batting: LHB Carl Hayden
|
0-0: SINGLE (Line Drive, 7S)
|
Batting: LHB Paul Holcomb
|
0-0: Swinging Strike 0-1: Ball 1-1: Foul Ball, location: 2F 1-2: Ball 2-2: Ball 3-2: Strikes out swinging
|
Pinch Runner at 1st Jorge Maldonado:
|
|
Pinch Hitting: RHB Orlando González
|
0-0: Ball 1-0: Ball 2-0: Called Strike 2-1: Ball 3-1: Called Strike 3-2: Foul Ball, location: 2F 3-2: Base on Balls Jorge Maldonado to second
|
Batting: RHB Jesús Ríos
|
0-0: Foul Ball, location: 2F 0-1: Grounds into double play, 6-4-3 (Groundball, 6)
|
Bottom of the 7th over - 0 run(s), 1 hit(s), 0 error(s), 1 left on base; Plymouth 1 - Rancho Cucamonga 1 |
TOP OF THE 8TH |
Plymouth Cocks batting - Pitching for Rancho Cucamonga Sick Monkeys : RHP Clyde Fisher
|
Now at 1B: Roberto Quiñones
|
|
Now in LF: Jorge Maldonado
|
|
Batting: SHB Bruce MacPherson
|
0-0: Called Strike 0-1: Called Strike 0-2: Ball 1-2: Ball 2-2: Foul Ball, location: 2F 2-2: Strikes out swinging
|
Batting: RHB Jason Cook
|
0-0: Ball 1-0: Swinging Strike 1-1: Ball 2-1: Foul Ball, location: 2F 2-2: Ball 3-2: Foul Ball, location: 2F 3-2: Strikes out swinging
|
Pinch Hitting: LHB Barry Pierce
|
0-0: Called Strike 0-1: Called Strike 0-2: Ball 1-2: Ground out 4-3 (Groundball, 4)
|
Top of the 8th over - 0 run(s), 0 hit(s), 0 error(s), 0 left on base; Plymouth 1 - Rancho Cucamonga 1 |
BOTTOM OF THE 8TH |
Rancho Cucamonga Sick Monkeys batting - Pitching for Plymouth Cocks : RHP Rich Wiggins
|
Now in RF: Rafael Vargas
|
|
Pinch Hitting: LHB Will O'Dell
|
0-0: Called Strike 0-1: Called Strike 0-2: Foul Ball, location: 2F 0-2: Strikes out swinging, 2-3 out at first.
|
Pinch Hitting: RHB Dan McKay
|
0-0: Ball 1-0: SINGLE (Line Drive, 78M)
|
Pinch Hitting: RHB Steve Meyers
|
0-0: Called Strike 0-1: Ball Dan McKay steals 2nd base 1-1: Ball 2-1: Ground out 6-3 (Groundball, 6) Dan McKay to third
|
Pitching: RHP Ethan Adams
|
|
Batting: LHB Ed Ballard
|
0-0: Foul Ball, location: 2F 0-1: Ball 1-1: Ball 2-1: Ball 3-1: Base on Balls
|
Batting: LHB José Esparza
|
0-0: Ball 1-0: DOUBLE (Groundball, 5L) Dan McKay scores Ed Ballard to third Runner from 3rd tries for Home, SAFE, no throw
|
Batting: SHB Jorge Maldonado
|
0-0: Ball 1-0: Foul Ball, location: 2F 1-1: DOUBLE (Line Drive, 8RD) José Esparza scores
|
Batting: LHB Paul Holcomb
|
0-0: Ball 1-0: Called Strike 1-1: Ball Wild Pitch! Jorge Maldonado to third 2-1: Ball 3-1: Called Strike 3-2: Base on Balls
|
Batting: RHB Roberto Quiñones
|
0-0: Ball 1-0: Ball 2-0: Foul Ball, location: 2F 2-1: SINGLE (Groundball, 4MD) Jorge Maldonado scores Paul Holcomb to second
|
Batting: RHB Jesús Ríos
|
0-0: Called Strike 0-1: Ball 1-1: Ball 2-1: Called Strike 2-2: DOUBLE (Groundball, 5L) Paul Holcomb scores Roberto Quiñones to third Runner from 3rd tries for Home, SAFE, no throw
|
Batting: LHB Will O'Dell
|
0-0: Foul Ball, location: 2F 0-1: Fly out, F9 (Line Drive, 9LM)
|
Bottom of the 8th over - 6 run(s), 5 hit(s), 0 error(s), 1 left on base; Plymouth 1 - Rancho Cucamonga 7 |
TOP OF THE 9TH |
Plymouth Cocks batting - Pitching for Rancho Cucamonga Sick Monkeys : RHP Clyde Fisher
|
Pitching: RHP Harry Cuevas
|
|
Now at 3B: Dan McKay
|
|
Now in RF: Will O'Dell
|
|
Batting: RHB Sam Elder
|
0-0: Called Strike
|
Now at 2B: Steve Meyers
|
0-1: Ball 1-1: Ball 2-1: Ball 3-1: Base on Balls
|
Batting: RHB Jeffrey Barker
|
0-0: Swinging Strike 0-1: Ball 1-1: Ball 2-1: Foul Ball, location: 2F 2-2: Strikes out swinging
|
Batting: RHB Nicolas Fillion
|
0-0: Swinging Strike 0-1: Called Strike 0-2: Strikes out swinging
|
Batting: LHB Dave Sanders
|
0-0: Called Strike 0-1: Foul Ball, location: 2F 0-2: Ball 1-2: Strikes out swinging
|
Top of the 9th over - 0 run(s), 0 hit(s), 0 error(s), 1 left on base; Plymouth 1 - Rancho Cucamonga 7 |
|